 Dungeon Crawl Stone Soup version 0.27.0-65-ge2af304b15 (webtiles) character file.

Game seed: 3425841503474507688

266 101zpm the Covered (level 6, -1/38 HPs)
             Began as a Gargoyle Fighter on Aug 18, 2021.
             Slain by a steam dragon (5 damage)
             ... on level 3 of the Dungeon on Aug 19, 2021.
             The game lasted 00:06:34 (4047 turns).

101zpm the Covered (Gargoyle Fighter)               Turns: 4047, Time: 00:06:34

Health: -1/38      AC: 11    Str: 21    XL:     6   Next: 20%
Magic:  6/6        EV:  8    Int:  9    God:
Gold:   174        SH:  9    Dex:  9    Spells: 5/5 levels left

rFire    . . .     SeeInvis .   k - +4 flail (protect)
rCold    . . .     Faith    .   c - +0 kite shield
rNeg     + . .     Spirit   .   l - +0 scale mail {Will+}
rPois    ∞         Reflect  .   (no helmet)
rElec    +         Harm     .   (no cloak)
rCorr    .         Rampage  .   (no gloves)
Will     +....                  (no boots)
Stlth    ..........             (no amulet)
HPRegen  0.12/turn              (no ring)
MPRegen  0.10/turn              (no ring)

@: no status effects
A: sickness immunity, AC +4, negative energy resistance 1, electricity
resistance, torment resistance 1, petrification resistance
a: no special abilities


You were on level 3 of the Dungeon.
You visited 1 branch of the dungeon, and saw 5 of its levels.

You collected 174 gold pieces.

Inventory:

Hand Weapons
 k - a +4 flail of protection (weapon)
Missiles
 j - 38 sling bullets
 m - 7 boomerangs (quivered)
Armour
 b - a +0 scale mail
 c - a +0 kite shield (worn)
 l - a +0 scale mail of willpower (worn)
Jewellery
 f - a ring of fire
Scrolls
 g - 3 scrolls of blinking {unknown}
 h - 3 scrolls of enchant armour {unknown}
 i - 5 scrolls of identify {unknown}
 n - a scroll of teleportation {unknown}
 r - a scroll of amnesia {unknown}
Potions
 a - 3 potions of heal wounds {unknown}
 d - 3 potions of might
 e - a potion of ambrosia {unknown}
 o - a potion of brilliance {unknown}
 p - a potion of curing {unknown}
 q - a potion of haste {unknown}


   Skills:
 + Level 4.0 Fighting
 + Level 3.9 Maces & Flails
 + Level 4.6 Armour
 + Level 1.0 Dodging
 + Level 0.2 Stealth
 + Level 4.3 Shields


You had 5 spell levels left.
You didn't know any spells.
Your spell library was empty.

Dungeon Overview and Level Annotations

Branches:
Dungeon (5/15)
 Temple: D:4-7

Altars:
Dithmenos
Elyvilon
Ru


Innate Abilities, Weirdness & Mutations

You are immune to sickness and miasma.
Your stone body is resilient. (AC +4)
You are immune to poison.
You resist negative energy. (rN+)
You are resistant to electric shocks. (rElec)
You are resistant to unholy torment.
You are immune to petrification.


Message History

You are too injured to fight recklessly!
You are too injured to fight recklessly!
You are too injured to fight recklessly!
You are too injured to fight recklessly!
You are too injured to fight recklessly!
You are too injured to fight recklessly!
You are too injured to fight recklessly!
You are too injured to fight recklessly!
You are too injured to fight recklessly!
You are too injured to fight recklessly!
You are too injured to fight recklessly!
You hit the steam dragon.
Your weapon exudes an aura of protection.
The steam dragon is lightly wounded.
You block the steam dragon's attack.
The steam dragon claws you but does no damage.
The steam dragon bites you!
* * * LOW HITPOINT WARNING * * *
The steam dragon claws you.
* * * LOW HITPOINT WARNING * * *
Your shield and scale mail prevent you from hitting the steam dragon.
The steam dragon is lightly wounded.
The steam dragon closely misses you.
The steam dragon claws you but does no damage.
You thump the steam dragon!
The steam dragon is moderately wounded.
The steam dragon bites you but does no damage.
The steam dragon claws you.
* * * LOW HITPOINT WARNING * * *
The steam dragon bites you but does no damage.
The steam dragon claws you but does no damage.
You barely miss the steam dragon.
The steam dragon is moderately wounded.
The steam dragon closely misses you. x2
Your shield prevents you from hitting the steam dragon.
The steam dragon is moderately wounded.
The steam dragon bites you.
* * * LOW HITPOINT WARNING * * *
The steam dragon claws you.
You die...

#.##.###.....#######..##.####..#
#....................^##.# #..#
#.##.........#######..##.####..#
#.#####.#.#..#######.>..........
#.# #.#.#...........##.####..#
#.# #.#.##.###...#####.# #..#
##.# #.#.##.##.###.## #.# #...
...# #.#.##.##.# #...##.####.##
#### #.#......@###.#...........
#.......D........#.####.##
######..###.###...#.....# #..#
#.###....###### #..# #........#
#..# #####....# #..# ###.#.#
##..# #.....# #...######....<#


You could see a steam dragon.

Vanquished Creatures
  An ogre (D:4)
  Terence (D:2)
  4 adders
  An adder zombie (D:3)
  3 worms
  3 dart slugs
  10 orcs (D:3)
  5 bats
  6 endoplasms
  5 giant cockroaches
  12 goblins
  6 hobgoblins
  3 jackals (D:3)
  A quokka (D:1)
  12 ball pythons
  4 frilled lizards
  4 kobolds
  3 rats
84 creatures vanquished.

Notes
Turn   | Place    | Note
-------+----------+-------------------------------------------
     0 | D:1      | 101zpm the Gargoyle Fighter began the quest for the Orb.
     0 | D:1      | Reached XP level 1. HP: 14/14 MP: 1/1
     2 | D:1      | Noticed a formicid
     2 | D:1      | Noticed a demonspawn
     4 | D:1      | Noticed a felid
     4 | D:1      | Noticed a djinni
     6 | D:1      | Noticed a barachi
     6 | D:1      | Noticed an ogre
     8 | D:1      | Noticed a minotaur
     8 | D:1      | Noticed a vine stalker
    10 | D:1      | Noticed a naga
    10 | D:1      | Noticed a spriggan
    12 | D:1      | Noticed a vampire
    12 | D:1      | Noticed a tengu
    14 | D:1      | Noticed an elf
    14 | D:1      | Noticed a ghoul
    16 | D:1      | Noticed a demigod
    18 | D:1      | Noticed a draconian
    20 | D:1      | Noticed a dwarf
    22 | D:1      | Noticed a troll
    22 | D:1      | Noticed a gargoyle
    24 | D:1      | Noticed an octopode
    24 | D:1      | Noticed a palentonga
    26 | D:1      | Noticed a merfolk
    26 | D:1      | Noticed a human
   158 | D:1      | Reached XP level 2. HP: 13/19 MP: 2/2
   728 | D:1      | Reached XP level 3. HP: 18/23 MP: 3/3
  1793 | D:2      | Noticed Terence
  1812 | D:2      | Killed Terence
  1813 | D:2      | Reached XP level 4. HP: 18/29 MP: 4/4
  2055 | D:2      | Found a faded altar of an unknown god.
  2729 | D:3      | Reached XP level 5. HP: 33/33 MP: 5/5
  2796 | D:3      | Noticed a steam dragon
  3027 | D:5      | Entered Level 5 of the Dungeon
  3204 | D:4      | Noticed an ogre
  3213 | D:4      | Killed an ogre
  3214 | D:4      | Reached skill level 1 in Dodging
  3214 | D:4      | Reached XP level 6. HP: 22/38 MP: 6/6
  3530 | D:4      | Found a sacrificial altar of Ru.
  3721 | D:3      | Found a white marble altar of Elyvilon.
  3967 | D:3      | Found a shadowy altar of Dithmenos.
  4047 | D:3      | Slain by a steam dragon

Illustrated notes

Levels and vault maps discovered:
D:1:      kb_arrival_jail, layout_loops_corners, minmay_small_reverse_x
D:2:      layout_basic, ebering_ecumenical_altar_mist, uniq_terence
D:3:      layout_loops_ring, grunt_dithmenos_smoke_and_mirrors, elyvilon_altar_5
D:4:      minmay_recursive_quarters, layout_cave_pods, kennysheep_mini,
          lemuel_coloured_pillars_altar, minmay_temple_entry_enclosed_plants
D:5:      layout_cave_pools, uniq_prince_ribbit1, uniq_grinder, uniq_sigmund

Skill      XL: |  1  2  3  4  5 |
---------------+----------------+-----
Armour         | 4 |  4.6
Maces & Flails | 3 |  3.9
Shields        | 4 |  4.3
Fighting       | 4 |  4.0
Dodging        | 1 |  1.0
Stealth        | |  0.2

Action                   |  1- 3 |  4- 6 || total
-------------------------+-------+-------++-------
Melee: Flail             |   111 |   144 ||   255
Armor: Scale mail        |    60 |    69 ||   129
Dodge: Dodged            |    37 |    31 ||    68
Block: Kite shield       |    66 |    80 ||   146
